 Dungeon Crawl Stone Soup version 0.30.0-20-g3b4254fcbd (webtiles) character file.

Game seed: 2034413682873985323

72 jagang the Conjurer (level 4, -2/26 HPs)
             Began as a Deep Elf Reaver on June 2, 2023.
             Slain by Sigmund
             ... wielding a +0 scythe of protection
              (6 damage)
             ... on level 3 of the Dungeon.
             The game lasted 00:06:48 (1583 turns).

jagang the Conjurer (Deep Elf Reaver)               Turns: 1583, Time: 00:06:48

Health: -2/26      AC:  7    Str:  9    XL:     4   Next: 7%
Magic:  11/11      EV: 12    Int: 20    God:
Gold:   153        SH:  0    Dex: 13    Spells: 7/10 levels left

rFire   x . .        q - +1 dagger (speed)
rCold   + . .        (no shield)
rNeg    . . .        b - +0 leather armour
rPois   .            (no helmet)
rElec   .            (no cloak)
rCorr   .            c - +2 pair of gloves
SInv    .            n - +0 pair of boots
Will    .....        (no amulet)
Stlth   +            k - ring of ice
HPRegen 0.24/turn    (no ring)
MPRegen 0.12/turn

%: no passive effects
@: no status effects
A: no striking features
a: no special abilities


You were on level 3 of the Dungeon.
You visited 1 branch of the dungeon, and saw 3 of its levels.

You collected 153 gold pieces.

Inventory:

Hand Weapons
 a - a +0 short sword
 q - a +1 dagger of speed (weapon)
Armour
 b - a +0 leather armour (worn)
 c - a +2 pair of gloves (worn)
 n - a +0 pair of boots (worn)
Jewellery
 k - a ring of ice (left hand)
Scrolls
 d - 2 scrolls of silence {unknown}
 f - 2 scrolls of amnesia {unknown}
 g - a scroll of identify {unknown}
 h - a scroll of teleportation {unknown}
 l - a scroll of blinking {unknown}
 m - a scroll of torment {unknown}
 o - a scroll of fog {unknown}
 r - a scroll of magic mapping {unknown}
 s - a scroll of fear {unknown}
Potions
 e - a potion of degeneration {unknown}
 i - 2 potions of lignification {unknown}
 j - 2 potions of heal wounds {unknown}
 p - 2 potions of curing {unknown}


   Skills:
 + Level 2.0 Fighting
 + Level 3.1 Short Blades
 + Level 3.0 Dodging
 * Level 3.9 Spellcasting
 * Level 4.1 Conjurations
 * Level 0.9 Ice Magic


You had 7 spell levels left.
You knew the following spells:

 Your Spells              Type           Power      Damage    Failure   Level
a - Kiss of Death         Conj/Necr      48%        2d9       8%          1
b - Momentum Strike       Conj/Tloc      24%        3d8       12%         2

Your spell library contained the following spells:

 Spells                   Type           Power      Damage    Failure   Level
 Hailstorm                Conj/Ice       21%        3d6       19%         3
 Ozocubu's Armour         Ice            11%        N/A       36%         3
 Ignite Poison            Fire/Tmut/Pois 3%         N/A       50%         3
 Sticky Flame             Conj/Fire      12%        2d4       61%         4
 Metabolic Englaciation   Hex/Ice        4%         N/A       99%         5
 Simulacrum               Ice/Necr       4%         N/A       100%        6
 Ignition                 Fire           1%         3d3       100%        8


Dungeon Overview and Level Annotations

Branches:
Dungeon (3/15)

Altars:

Annotations:
D:3 Jessica, Sigmund


Message History

The bat is heavily wounded.
The bat closely misses you. x2
You hit the bat.
You kill the bat!
You are no longer robbed of momentum.
No target in view!
No target in view!
HP restored.
You see here a bat corpse.
You now have 135 gold pieces (gained 12).
s - a scroll labelled MOSHUM QICEUFA You now have 143 gold pieces (gained 8).
You now have 153 gold pieces (gained 10).
Found 5 stones.
Found a stone staircase leading up.
No target in view!
Jessica the Apprentice Sorceress comes into view.
She is wielding a +2 spectral club.
Jessica shouts!
Sigmund the Dreaded comes into view.
He is wielding a +0 scythe of protection.
Sigmund shouts!
Sigmund casts a spell.
Sigmund flickers and vanishes!
Deactivating autopickup; reactivate with Ctrl-A.
Jessica very coldly says, "I hate your company."
Jessica casts a spell at you. You resist with some effort.
You are confused.
Jessica gestures at you while chanting. Pain shoots through your body!
You feel less confused.
Jessica gestures wildly while chanting.
Jessica seems to speed up.
Jessica closely misses you. The +2 spectral club hits you.
A +2 spectral club comes into view.
Jessica points at you and mumbles some strange words.
You barely resist.
The +2 spectral club disappears.
Jessica casts a spell at you. Pain shoots through your body!
* * * LOW HITPOINT WARNING * * *
Something hits you.
You die...

##.....................######
#....................#......#
..###................#...####
. ###....................#...
..##......................#.#.
#....###.....######.##....'..#
...........#.## #. #....'..#
###..........@# #.##....#.#.
#.....?..#.@# #.......#...
#........##.......##....####
#..(.....###<####.##........
#........# ... #........
#........# ##. #........
#........# #. #........ .#
##.†....< # ##.....# #######


You could see Jessica (fast).

Vanquished Creatures
  An adder (D:2)
  2 worms
  A dart slug (D:3)
  3 orcs (D:2)
  7 ball pythons
  3 endoplasms
  4 goblins
  5 hobgoblins
  2 jackals (D:1)
  3 quokkas (D:1)
  7 bats
  3 frilled lizards
  6 kobolds (D:1)
  3 rats
50 creatures vanquished.

Notes
Turn   | Place    | Note
-------+----------+-------------------------------------------
     0 | D:1      | jagang the Deep Elf Reaver began the quest for the Orb.
     0 | D:1      | Reached XP level 1. HP: 12/12 MP: 6/6
   158 | D:1      | Reached XP level 2. HP: 13/17 MP: 8/8
   311 | D:1      | Learned a level 2 spell: Momentum Strike
   439 | D:1      | Reached XP level 3. HP: 19/21 MP: 10/10
  1293 | D:2      | Reached skill level 4 in Conjurations
  1460 | D:3      | Reached XP level 4. HP: 26/26 MP: 8/11
  1569 | D:3      | Noticed Jessica
  1571 | D:3      | Noticed Sigmund
  1583 | D:3      | Slain by Sigmund

Illustrated notes

Levels and vault maps discovered:
D:1:      dpeg_arrival_solitude, layout_basic, minmay_pentomino_q2
D:2:      layout_rooms, columned_hall_lemuel
D:3:      layout_rooms, kennysheep_generic_room_15, uniq_crazy_yiuf_cottage,
          uniq_sigmund, uniq_jessica, uniq_natasha

Skill      XL: |  1  2  3  4 |
---------------+-------------+-----
Dodging        | 3 |  3.0
Conjurations   | 4 |  4.1
Fighting       | 2 |  2.0
Short Blades   | |  3.1
Spellcasting   | |  3.9
Ice Magic      | |  0.9

Action                     |  1- 3 |  4- 6 || total
---------------------------+-------+-------++-------
  Melee: Short sword       |   128 |       ||   128
         Dagger            |    55 |     9 ||    64
         Punch             |     2 |       ||     2
   Cast: Kiss of Death     |     1 |       ||     1
         Momentum Strike   |    16 |     1 ||    17
 Armour: Leather armour    |    67 |     6 ||    73
  Dodge: Dodged            |   117 |     6 ||   123
